AoeStats
← Rene

Baltic

510584583Analyzed
4v4 RM · 8h ago on Oct 1, 2026· 78m 8s· 8 players
Game mode
Random Map
Map size
Large (8 player)
Population
200
Speed
Normal
Resources
Standard
Victory
Conquest
Starting age
Dark Age
Ending age
Imperial Age
RankedLock teamsTeams togetherTeam positionsShared explorationLock speedFull tech treeHidden civsTurbo modeCheats
Victory
Defeat
🇧🇪 Malay · Belgium
1334
+12
🇹🇷 Ethiopians · Türkiye
1332
+12
🇳🇱 Bohemians · Netherlands
1318
+13
🇫🇷 Dravidians · France
1280
+14
🇨🇴 Mongols · Colombia
1318
-16
🇦🇷 Japanese · Argentina
1282
-14
🇹🇷 Koreans · Türkiye
1210
-11
🇦🇷 Magyars · Argentina
1163
-10
Baladin
2:15 Loom
2:36 Loom
13:24 Feudal Age
19:42 Castle Age
27:09 Double-Bit Axe
30:01 Horse Collar
34:11 Thumb Ring
35:22 Fletching
35:33 Padded Archer Armor
36:25 Bodkin Arrow
37:53 Wheelbarrow
41:19 Imperial Age
39:26 Fortified Wall
40:12 Leather Archer Armor
40:58 Medical Corps
42:05 Elite Elephant Archer
45:15 Bracer
45:45 Ring Archer Armor
46:22 Caravan
48:36 Heavy Plow
48:54 Hand Cart
49:36 Forging
49:28 Scale Mail Armor
48:54 Elite Skirmisher
52:51 Conscription
54:39 Chemistry
54:07 Ballistics
59:36 Scale Barding Armor
61:47 Light Cavalry
62:27 Husbandry
62:50 Bow Saw
65:09 Chain Barding Armor
73:25 Two-Man Saw
73:14 Heavy Scorpion
Professor Chaos
2:37 Loom
13:43 Feudal Age
14:21 Wheelbarrow
13:34 Double-Bit Axe
14:33 Town Watch
19:07 Castle Age
18:25 Fletching
21:00 Bow Saw
22:02 Hand Cart
23:07 Medium Warships
24:34 Bodkin Arrow
25:44 Horse Collar
26:46 Heavy Plow
27:22 Thalassocracy
36:15 Imperial Age
34:34 Clinker Construction
36:03 Careening
36:14 Carvel Hull
35:56 Bracer
37:29 Heavy Warships
39:29 Chemistry
39:21 Forging
40:08 Ballistics
41:14 Heated Shot
41:51 Elite Cannon Galleon
43:03 Dry Dock
47:27 Iron Casting
47:21 Shipwright
48:20 Siege Engineers
49:07 Elite Karambit Warrior
50:55 Blast Furnace
51:13 Squires
50:59 Arson
53:25 Man-at-Arms
53:26 Pikeman
54:33 Conscription
55:41 Long Swordsman
56:31 Forced Levy
57:15 Two-Handed Swordsman
57:57 Fishing Lines
60:15 Caravan
61:01 Gillnets
67:13 Scale Barding Armor
67:55 Husbandry
67:28 Elite Battle Elephant
67:36 Elite Battle Elephant
68:40 Light Cavalry
72:10 Cavalier
72:55 Padded Archer Armor
73:10 Masonry
insomnia
5:10 Loom
12:06 Feudal Age
12:57 Double-Bit Axe
15:59 Castle Age
14:17 Gold Mining
17:18 Medium Warships
18:35 Fishing Lines
19:03 Fletching
19:14 Padded Archer Armor
19:12 Crossbowman
19:54 Bodkin Arrow
20:38 Bow Saw
21:15 Wheelbarrow
22:29 Horse Collar
25:06 Leather Archer Armor
28:26 Stone Mining
30:19 Heavy Plow
31:11 Thumb Ring
32:34 Hand Cart
33:46 Ballistics
38:32 Imperial Age
36:45 Town Watch
37:02 Squires
36:48 Arson
38:33 Arbalester
39:15 Bracer
40:20 Chemistry
42:56 Ring Archer Armor
44:51 Two-Man Saw
46:06 Conscription
45:51 Torsion Engines
45:59 Siege Engineers
45:52 Elite Skirmisher
50:06 Gold Shaft Mining
50:07 Stone Shaft Mining
52:38 Halberdier
55:26 Light Cavalry
56:06 Husbandry
56:53 Scale Barding Armor
56:59 Forging
57:02 Hussar
58:51 Chain Barding Armor
59:51 Iron Casting
64:43 Blast Furnace
63:46 Town Patrol
65:42 Masonry
65:28 Murder Holes
66:13 Heavy Camel Rider
67:35 Royal Heirs
73:19 Caravan
Rene
11:02 Feudal Age
14:56 Castle Age
13:17 Double-Bit Axe
13:55 Horse Collar
16:33 Fishing Lines
17:20 Bow Saw
18:08 Heavy Plow
21:29 Wheelbarrow
21:06 Town Watch
24:52 Hand Cart
24:41 Loom
28:49 Imperial Age
28:09 Chemistry
27:19 Scale Mail Armor
27:30 Forging
27:58 Town Patrol
28:45 Chain Mail Armor
28:08 Pikeman
28:48 Squires
29:06 Halberdier
29:52 Siege Engineers
30:51 Two-Man Saw
30:44 Plate Mail Armor
30:50 Iron Casting
31:46 Padded Archer Armor
32:32 Houfnice
34:50 Leather Archer Armor
35:36 Blast Furnace
37:12 Ring Archer Armor
39:01 Arson
40:05 Coinage
43:34 Conscription
43:19 Wagenburg Tactics
Hen His Can
11:18 Feudal Age
14:48 Castle Age
12:56 Horse Collar
13:02 Double-Bit Axe
14:03 Fishing Lines
15:41 Bow Saw
15:50 Medium Warships
19:04 Gillnets
20:16 Heavy Plow
22:31 Stone Mining
24:19 Wheelbarrow
24:15 Fletching
25:28 Ballistics
25:06 Bodkin Arrow
25:54 Town Watch
26:24 Hand Cart
28:44 Gold Mining
29:30 Stone Shaft Mining
31:58 Gold Shaft Mining
34:02 Imperial Age
32:31 Padded Archer Armor
33:33 Loom
33:48 Town Patrol
34:21 Coinage
34:19 Leather Archer Armor
34:46 Bracer
36:01 Chemistry
36:03 Conscription
35:27 Elite Mangudai
39:08 Parthian Tactics
38:48 Husbandry
38:59 Bloodlines
39:45 Thumb Ring
41:27 Hoardings
43:46 Light Cavalry
45:02 Banking
47:48 Scale Barding Armor
47:53 Forging
47:12 Hussar
48:49 Chain Barding Armor
50:35 Iron Casting
53:33 Blast Furnace
53:59 Masonry
54:33 Caravan
56:41 Drill
69:32 Capped Ram
71:35 Heavy Camel Rider
Fiducia
7:45 Loom
10:58 Feudal Age
15:20 Double-Bit Axe
16:52 Scale Barding Armor
18:01 Bloodlines
20:22 Castle Age
20:38 Horse Collar
24:48 Husbandry
25:01 Bloodlines
25:31 Chain Barding Armor
26:08 Gold Mining
27:06 Heavy Plow
27:51 Wheelbarrow
36:47 Bow Saw
40:54 Gold Shaft Mining
43:04 Imperial Age
43:34 Cavalier
45:29 Paladin
50:08 Plate Barding Armor
54:22 Hand Cart
56:48 Two-Man Saw
59:49 Caravan
61:51 Coinage
62:20 Town Watch
62:41 Scale Mail Armor
62:45 Padded Archer Armor
64:05 Town Patrol
64:24 Elite Skirmisher
67:20 Chemistry
71:46 Parthian Tactics
71:47 Leather Archer Armor
71:23 Fletching
74:45 Ballistics
75:43 Crop Rotation
NOxArbor
8:57 Loom
12:20 Feudal Age
13:37 Wheelbarrow
12:50 Double-Bit Axe
13:07 Fishing Lines
20:49 Castle Age
18:56 Gold Mining
18:57 Stone Mining
19:36 Fletching
21:51 Bow Saw
22:19 Stone Shaft Mining
22:15 Medium Warships
21:58 Gillnets
25:45 Horse Collar
26:35 Heavy Plow
34:36 Imperial Age
32:24 Hand Cart
32:19 Bodkin Arrow
34:13 Thumb Ring
34:54 Ballistics
34:19 Treadmill Crane
34:59 Ballistics
36:41 Chemistry
35:12 Elite Skirmisher
36:27 Masonry
36:27 Bracer
43:03 Two-Man Saw
46:31 Chemistry
45:42 Masonry
46:22 Capped Ram
48:55 Conscription
50:10 Caravan
57:36 Pikeman
58:17 Squires
58:04 Arson
59:02 Scale Mail Armor
59:13 Forging
60:29 Halberdier
69:22 Chain Mail Armor
69:43 Iron Casting
72:56 Plate Mail Armor
Sr. Sam
6:11 Loom
8:53 Feudal Age
10:10 Double-Bit Axe
10:08 Man-at-Arms
13:40 Fletching
23:28 Castle Age
22:04 Gold Mining
23:06 Horse Collar
26:35 Bow Saw
28:12 Wheelbarrow
32:28 Town Watch
33:20 Hand Cart
34:30 Town Patrol
34:50 Stone Mining
35:43 Fishing Lines
36:10 Treadmill Crane
39:32 Imperial Age
38:00 Heavy Plow
38:46 Gold Shaft Mining
38:43 Gillnets
39:16 Scale Mail Armor
39:26 Forging
39:19 Squires
39:04 Gambesons
41:23 Chemistry
40:19 Bodkin Arrow
40:40 Chain Mail Armor
41:00 Iron Casting
40:12 Capped Ram
41:57 Ballistics
41:49 Murder Holes
42:01 Bracer
42:01 Padded Archer Armor
41:33 Elite Skirmisher
43:42 Masonry
44:29 Padded Archer Armor
45:36 Two-Man Saw
45:25 Thumb Ring
45:52 Leather Archer Armor
47:24 Ring Archer Armor
46:30 Crossbowman
49:45 Blast Furnace
48:50 Scale Barding Armor
48:33 Light Cavalry
49:23 Bloodlines
49:14 Husbandry
52:04 Conscription
52:06 Kataparuto
51:55 Caravan
52:26 Coinage
53:15 Elite Samurai
55:06 Plate Mail Armor
55:24 Fortified Wall
60:46 Yasama
72:46 Pikeman
77:28 Halberdier
Connection lost

Rejoining the realm…

Still unreachable

The connection could not be restored.

Session expired

The server has moved on; the page needs a fresh start.